 Dungeon Crawl Stone Soup version 0.21.1-1-g345015f (webtiles) character file.

45 zishaf the Conjurer (level 3, -5/19 HPs)
             Began as a Tengu Conjurer on May 18, 2018.
             Slain by a gnoll
             ... wielding a +0 spear
              (7 damage)
             ... on level 2 of the Dungeon.
             The game lasted 00:02:29 (960 turns).

zishaf the Conjurer (Tengu Conjurer)                 Turns: 960, Time: 00:02:29

Health: -5/19      AC:  2    Str:  8    XL:     3   Next: 64%
Magic:  0/8        EV: 12    Int: 16    God:
Gold:   84         SH:  0    Dex: 14    Spells: 4/7 levels left

rFire    . . .     SeeInvis .   d - +0 dagger
rCold    . . .     Gourm    .   (no shield)
rNeg     . . .     Faith    .   a - +0 robe
rPois    .         Spirit   .   (helmet restricted)
rElec    .         Reflect  .   (no cloak)
rCorr    .         Harm     .   (no gloves)
MR       .....                  (boots unavailable)
Stlth    ++........             (no amulet)
HPRegen  0.06/turn              (no ring)
MPRegen  0.11/turn              (no ring)

@: very slightly contaminated
A: beak, talons 3
a: no special abilities


You were on level 2 of the Dungeon.
You were not hungry.

You visited 1 branch of the dungeon, and saw 2 of its levels.

You collected 84 gold pieces.

Inventory:

Hand Weapons
 d - a +0 dagger (weapon)
Armour
 a - a +0 robe (worn)
Scrolls
 e - a scroll of enchant weapon {unknown}
 h - a scroll of blinking {unknown}
 j - 2 scrolls of teleportation {unknown}
 l - a scroll of noise {unknown}
 m - a scroll of identify {unknown}
Potions
 g - a potion of curing {unknown}
 i - a potion of magic {unknown}
 k - a potion of might {unknown}
Books
 b - a book of Conjurations

   Spells                             Type                      Level
   a - Magic Dart                     Conjuration                  1
   b - Searing Ray                    Conjuration                  2
   c - Dazzling Spray                 Conjuration/Hexes            3
   d - Fulminant Prism                Conjuration/Hexes            4
   e - Force Lance                    Conjuration/Translocation    4
   f - Iskenderun's Mystic Blast      Conjuration                  4
Comestibles
 c - 3 rations
 f - 2 chunks of flesh


   Skills:
 - Level 2.1 Dodging
 - Level 2.0 Stealth
 + Level 2.9 Spellcasting
 + Level 6.2 Conjurations


You had 4 spell levels left.
You knew the following spells:

 Your Spells              Type           Power        Failure   Level  Hunger
a - Magic Dart            Conj           ###.         1%          1    #......
b - Searing Ray           Conj           ###...       2%          2    ##.....


Dungeon Overview and Level Annotations

Branches:
Dungeon (2/15)

Altars:


Innate Abilities, Weirdness & Mutations

You have a beak for a mouth.
You have claws for feet.


Message History

You don't have enough magic to cast that spell.
Some of the chunks of flesh in your inventory have rotted away.
The gnoll barely misses you.
Casting: Magic Dart
Confirm with . or Enter, or press ? or * to list all spells.
Aiming: Magic Dart
Press: ? - help, Shift-Dir - straight line, f/p - gnoll
Aim: a gnoll, wielding a spear (severely wounded)
The magic dart hits the gnoll.
The gnoll is severely wounded.
The gnoll misses you. The gnoll barely misses you.
The gnoll hits you with a spear! The gnoll hits you with a spear.
* * * LOW HITPOINT WARNING * * *
You closely miss the gnoll. You peck the gnoll.
The gnoll is almost dead.
The gnoll completely misses you. The gnoll closely misses you.
You hit the gnoll but do no damage.
The gnoll is almost dead.
The gnoll hits you with a spear!
You die...

##....#.# ####.#.#
#>..# . ##..###
##.. ##...####....
##.......#..
##......... #####
#..รท......
#.@g######.####....
##.g....?.)..# ...
##.......##..!# ..
##..............
##...###.......
#.....# #....).
#....^..# ......
#.......# ..#..
#........ .#


You could see 2 gnolls.

Vanquished Creatures
  A gnoll (D:2)
  An ooze (D:1)
  A dart slug (D:1)
  A giant cockroach (D:1)
  3 goblins (D:1)
  3 hobgoblins
  4 bats (D:1)
  5 frilled lizards
  8 kobolds (D:1)
  5 rats (D:1)
32 creatures vanquished.

Notes
Turn   | Place    | Note
-------+----------+-------------------------------------------
     0 | D:1      | zishaf the Tengu Conjurer began the quest for the Orb.
     0 | D:1      | Reached XP level 1. HP: 10/10 MP: 4/4
   125 | D:1      | Reached XP level 2. HP: 14/15 MP: 1/6
   558 | D:1      | Reached XP level 3. HP: 15/19 MP: 4/7
   600 | D:1      | Reached skill level 6 in Conjurations
   888 | D:1      | Learned a level 2 spell: Searing Ray
   903 | D:2      | Found a faded altar of an unknown god.
   960 | D:2      | Slain by a gnoll

Skill      XL: |  1  2  3 |
---------------+----------+-----
Conjurations   | 6 |  6.2
Dodging        | |  2.1
Stealth        | |  2.0
Spellcasting   | |  2.9

Action                   || total
-------------------------++-------
Melee: Dagger            ||     5
       Kick              ||     2
       Peck              ||     1
 Cast: Magic Dart        ||    66
  Eat: Chunk             ||     1
Armor: Robe              ||     1
Dodge: Dodged            ||    13
